 Dungeon Crawl Stone Soup version 0.20.0-15-g7f486f2 (webtiles) character file.

15388 systemy the Cleaver (level 12, -7/110 HPs)
             Began as a Minotaur Berserker on June 25, 2017.
             Was a High Priest of Trog.
             Mangled by an orc knight
             ... wielding a +0 glaive
              (22 damage)
             ... in a bailey.
             The game lasted 00:20:14 (9491 turns).

systemy the Cleaver (Minotaur Berserker)            Turns: 9491, Time: 00:20:14

Health: -7/110     AC: 13    Str: 28    XL:     12   Next: 0%
Magic:  13/13      EV: 10    Int:  4    God:    Trog [*****.]
Gold:   750        SH:  0    Dex:  9    Spells: 11/11 levels left

rFire    . . .     SeeInvis .   C - +4 war axe (freeze)
rCold    . . .     Gourm    .   (no shield)
rNeg     . . .     Faith    .   j - +1 chain mail
rPois    +         Spirit   .   (helmet restricted)
rElec    .         Reflect  .   (no cloak)
rCorr    .         Harm     .   (no gloves)
MR       .....     Clarity  +   (no boots)
Stlth    ..........             (no amulet)
Regen    0.3/turn               (no ring)
MPRegen  0.2/turn               (no ring)

@: berserk cooldown, slowed, very slow
A: retaliatory headbutt, hooves 1, horns 2, clarity, poison resistance,
screaming 1
a: Berserk, Trog's Hand, Brothers in Arms, Burn Spellbooks, Renounce Religion


You were in a bailey.
You worshipped Trog.
Trog was extremely pleased with you.
You were very hungry.

You visited 1 branch of the dungeon, and saw 10 of its levels.
You also visited: Sewer and Bailey.

You collected 750 gold pieces.

Inventory:

Hand Weapons
 a - a +0 hand axe
 C - a +4 war axe of freezing (weapon)
Armour
 b - a +0 animal skin
 j - a +1 chain mail (worn)
Jewellery
 s - a cursed ring of resist corrosion {unknown}
 E - the amulet of the Air {Inacc +Fly rElec EV+5 RMsl}
   (You found it on level 7 of the Dungeon)

   [amulet of inaccuracy]

   It reduces the accuracy of all your attacks.
   It affects your evasion (+5).
   It insulates you from electricity.
   It lets you fly.
   It protects you from missiles.
 L - an uncursed ring of protection from fire {unknown}
Wands
 w - a wand of clouds (6/9)
 y - a wand of random effects (26/48)
 G - a wand of acid (7/15)
 H - a wand of confusion (22/48)
 I - a wand of random effects (32/48)
 J - a wand of digging (17/24)
 K - a wand of flame (26/48)
Scrolls
 d - 3 scrolls of enchant weapon
 e - 3 scrolls of amnesia
 k - 4 scrolls of fear
 l - 2 scrolls of identify
 m - 5 scrolls of remove curse
 q - 2 scrolls of blinking
 t - 3 scrolls of teleportation
Potions
 f - a potion of lignification
 i - a potion of resistance {unknown}
 n - 10 potions of curing
 p - a potion of mutation
 r - a potion of invisibility
 v - 4 potions of berserk rage
 x - a potion of might
 z - 2 potions of flight
 A - 7 potions of heal wounds
Comestibles
 c - 9 bread rations
 h - 4 meat rations
 o - 6 royal jellies
 u - 7 fruits


   Skills:
 + Level 11.3 Fighting
 + Level 14.8 Axes
 + Level 11.9 Armour
 - Level 2.1 Dodging
   Level 6.2 Shields
 - Level 3.1 Evocations


You had 11 spell levels left.
You didn't know any spells.

Dungeon Overview and Level Annotations

Branches:
Dungeon (10/15)            Temple (0/1) D:7             Orc (0/2) D:10
   Lair: D:8-11

Altars:
Fedhas
Hepliaklqana
Uskayaw
Xom

Shops:
D:10 (


Innate Abilities, Weirdness & Mutations

You reflexively headbutt those who attack you in melee.
You have a pair of horns on your head.
You have large cloven feet.
You possess an exceptional clarity of mind.
Your system is resistant to poisons. (rPois)
You occasionally shout uncontrollably at your foes.


Message History

There is an open gate, spattered with blood here.
You hit the orc knight. You freeze the orc knight.
You kick the orc knight, but do no damage.
Your headbutt misses the orc knight.
The orc knight is lightly wounded.
The orc knight hits you with a glaive!
You slice the orc knight!! You freeze the orc knight.
You kick the orc knight, but do no damage.
You headbutt the orc knight, but do no damage.
The orc knight is moderately wounded.
The orc knight hits you with a glaive!!
You hit the orc knight. You freeze the orc knight.
The orc knight is heavily wounded.
The orc knight hits you with a glaive!!!
* * * LOW HITPOINT WARNING * * *
You hit the orc knight but do no damage.
Your kick misses the orc knight.
The orc knight is heavily wounded.
The orc knight hits you with a glaive!!
You die...

#'''''#
##.....##
#.......#
#.......#
#..))...#
#.))))..#
#..)))..#
##..o..##
##'@'##
#.....#
#..)).#
#.....#
#.....#
#.....#
##'''##
##.....##
#.......#


You could see an orc knight.

Vanquished Creatures
  Erica (D:9)
  A two-headed ogre (D:8)
  Pikel (D:7)
  3 orc knights (Bailey)
  Joseph (D:8)
  A komodo dragon (D:10)
  A troll (D:9)
  Grinder (D:3)
  A spriggan (D:7)
  Grum (D:8)
  2 hungry ghosts
  A steam dragon (D:9)
  3 slaves (D:7)
  3 ice beasts
  14 orc warriors
  3 phantoms
  5 sky beasts
  An ogre (D:8)
  2 centaurs (D:8)
  2 wolves (D:8)
  A crocodile (D:7)
  2 big kobolds
  3 bullfrogs
  Blork the orc (D:4)
  A scorpion (D:5)
  9 wights
  3 killer bees (D:7)
  3 howler monkeys
  3 crimson imps
  9 orc priests
  A centaur skeleton (D:4)
  3 hounds
  2 jellies (D:6)
  7 orc wizards
  Ijyb (D:5)
  Jessica (D:3)
  5 worker ants
  A hound skeleton (D:7)
  Robin (D:2)
  3 gnolls (D:7)
  A howler monkey zombie (D:6)
  A howler monkey skeleton (D:7)
  12 adders
  A river rat (Sewer)
  A shadow imp (D:5)
  2 oozes
  An adder skeleton (D:8)
  4 dart slugs
  3 leopard geckos
  58 orcs
  2 ball pythons
  9 bats
  10 giant cockroaches
  21 goblins
  9 hobgoblins
  8 jackals
  4 quokkas
  6 frilled lizards
  18 kobolds
  2 quokka skeletons
  14 rats
295 creatures vanquished.

Vanquished Creatures (others)
  A butterfly (D:7)
1 creature vanquished.

Grand Total: 296 creatures vanquished

Notes
Turn   | Place    | Note
-------+----------+-------------------------------------------
     0 | D:1      | systemy the Minotaur Berserker began the quest for the Orb.
     0 | D:1      | Reached XP level 1. HP: 19/19 MP: 0/0
   186 | D:1      | Reached XP level 2. HP: 17/27 MP: 1/1
   247 | D:1      | Reached skill level 4 in Axes
   696 | D:1      | Reached XP level 3. HP: 32/33 MP: 2/2
  1239 | D:2      | Reached ** piety under Trog
  1300 | D:2      | Reached skill level 5 in Axes
  1300 | D:2      | Reached XP level 4. HP: 33/41 MP: 3/3
  1444 | D:2      | Noticed Robin
  1456 | D:2      | Killed Robin
  1540 | D:2      | Reached XP level 5. HP: 37/47 MP: 4/4
  1772 | D:3      | Reached skill level 6 in Axes
  1774 | D:3      | Reached *** piety under Trog
  1837 | D:3      | You fall through a shaft for 2 floors!
  1837 | D:5      | Entered Level 5 of the Dungeon
  1856 | D:5      | Reached skill level 5 in Fighting
  1856 | D:5      | Reached XP level 6. HP: 41/56 MP: 5/5
  1874 | D:5      | Noticed Ijyb
  1933 | D:4      | Reached skill level 7 in Axes
  2074 | D:3      | Noticed Jessica
  2079 | D:3      | Killed Jessica
  2249 | D:3      | Noticed Grinder
  2256 | D:3      | Paralysed by Grinder for 6 turns
  2264 | D:3      | Killed Grinder
  2264 | D:3      | Reached skill level 8 in Axes
  2264 | D:3      | Reached XP level 7. HP: 34/61 MP: 6/6
  2855 | D:4      | Noticed Blork the orc
  2858 | D:4      | Killed Blork the orc
  2858 | D:4      | Received a gift from Trog
  2858 | D:4      | Reached skill level 9 in Axes
  2858 | D:4      | Reached skill level 5 in Armour
  3632 | D:5      | Killed Ijyb
  3632 | D:5      | Reached **** piety under Trog
  3632 | D:5      | Reached XP level 8. HP: 48/71 MP: 7/7
  3990 | D:5      | Found a hazy altar of Hepliaklqana.
  3993 | D:5      | Found a hide-covered altar of Uskayaw.
  3996 | D:5      | Found a shimmering altar of Xom.
  4196 | D:6      | Found a glowing drain.
  4200 | Sewer    | Entered a sewer
  4304 | Sewer    | Found a glowing silver altar of Zin.
  4470 | D:6      | Reached skill level 10 in Axes
  5108 | D:6      | Reached ***** piety under Trog
  5261 | D:7      | Reached XP level 9. HP: 71/79 MP: 8/8
  5289 | D:7      | Reached skill level 11 in Axes
  5344 | D:7      | Found a staircase to the Ecumenical Temple.
  5346 | D:7      | Noticed Pikel
  5360 | D:7      | Killed Pikel
  5732 | D:7      | Reached skill level 12 in Axes
  6249 | D:8      | Noticed Grum
  6260 | D:8      | Killed Grum
  6289 | D:8      | Noticed Joseph
  6299 | D:8      | Killed Joseph
  6299 | D:8      | Reached XP level 10. HP: 30/90 MP: 9/9
  6685 | D:8      | Noticed a two-headed ogre
  6694 | D:8      | Killed a two-headed ogre
  6694 | D:8      | Reached skill level 13 in Axes
  6696 | D:8      | Received a gift from Trog
  7126 | D:8      | Reached skill level 10 in Armour
  7276 | D:8      | Found a blossoming altar of Fedhas.
  7399 | D:8      | Gained mutation: You possess an exceptional clarity of mind. [potion of mutation]
  7399 | D:8      | Gained mutation: You occasionally shout uncontrollably at your foes. [potion of mutation]
  7399 | D:8      | Gained mutation: You have large cloven feet. [potion of mutation]
  7399 | D:8      | Gained mutation: Your system is resistant to poisons. (rPois) [potion of mutation]
  7402 | D:8      | Reached skill level 10 in Fighting
  7402 | D:8      | Reached skill level 14 in Axes
  7402 | D:8      | Reached XP level 11. HP: 101/101 MP: 9/12
  7654 | D:9      | Noticed Erica
  7663 | D:9      | Killed Erica
  8344 | D:10     | Entered Level 10 of the Dungeon
  8707 | D:10     | Found Qoaceyluhe's Weapon Emporium.
  8756 | D:10     | Found a staircase to the Orcish Mines.
  8916 | D:10     | Found a flagged portal.
  8930 | Bailey   | Entered a bailey
  9121 | Bailey   | Noticed an orc knight
  9135 | Bailey   | Killed an orc knight
  9463 | Bailey   | Noticed an orc knight
  9463 | Bailey   | Noticed an orc knight
  9481 | Bailey   | Noticed an orc knight
  9481 | Bailey   | Killed an orc knight
  9484 | Bailey   | Killed an orc knight
  9484 | Bailey   | Reached XP level 12. HP: 110/110 MP: 13/13
  9491 | Bailey   | Mangled by an orc knight

Skill      XL: |  1  2  3  4  5  6  7  8  9 10 11 |
---------------+----------------------------------+-----
Axes           | 4 5 6 8 9 10 12 14 | 14.8
Fighting       | 4 5 6 7 8 10 11 | 11.3
Armour         | 3 4 5 7 9 10 11 | 11.9
Shields        | 6 |  6.2
Evocations     | 3 |  3.1
Dodging        | |  2.1

Action                   |  1- 3 |  4- 6 |  7- 9 | 10-12 || total
-------------------------+-------+-------+-------+-------++-------
Melee: Hand axe          |    65 |   115 |   205 |       ||   385
       Headbutt          |     4 |    23 |    53 |    28 ||   108
       War axe           |       |       |    87 |   185 ||   272
       Kick              |       |       |       |    36 ||    36
Invok: Berserk           |       |     1 |     4 |     5 ||    10
  Use: Scroll            |       |       |       |    11 ||    11
       Potion            |       |       |       |     9 ||     9
  Eat: Chunk             |     1 |     4 |    18 |    13 ||    36
       Fruit             |       |       |     1 |     1 ||     2
Armor: Animal skin       |    11 |       |       |       ||    11
       Chain mail        |    12 |    66 |   154 |    54 ||   286
Dodge: Dodged            |    42 |    56 |   130 |    86 ||   314
